 Dungeon Crawl Stone Soup version 0.31-a0-538-gbc85326fa9 (webtiles) character file.

Game seed: 16192653253836605527

98788 Crownlay the Severer (level 16, -10/146 HPs)
             Began as a Hill Orc Monk on Aug 13, 2023.
             Was an Initiate of Gozag.
             Mangled by a death yak (22 damage)
             ... on level 14 of the Dungeon.
             The game lasted 01:03:48 (28316 turns).

Crownlay the Severer (Hill Orc Monk)               Turns: 28316, Time: 01:03:49

Health: -10/146    AC: 23    Str: 31    XL:     16   Next: 23%
Magic:  19/19      EV:  9    Int: 13    God:    Gozag
Gold:   6836       SH:  5    Dex: 13    Spells: 15/17 levels left

rFire   + . .        T - +5 battleaxe (flame)
rCold   + + .        (shield currently unavailable)
rNeg    + + .        X - +1 plate armour of Noon {rC++ rN++ Int-3}
rPois   .            A - +1 hat
rElec   +            S - +0 cloak {rF+}
rCorr   .            C - +0 pair of gloves
SInv    .            D - +0 pair of boots
Will    +....        P - amulet "Naydum" {Reflect Harm *Corrode rElec Slay+2 SH+5} Stlth
                     w - +6 ring of strength
HPRegen 0.44/turn    x - ring "Laosm" {Str+3 Int+6}
MPRegen 0.16/turn

%: corrode self (3%), harm (+30% outgoing, +20% incoming), reflection
@: gold aura, studying 3 skills
A: no striking features
a: Renounce Religion, Potion Petition, Call Merchant, Bribe Branch


You were on level 14 of the Dungeon.
You worshipped Gozag.
Gozag was greatly pleased with you.
You visited 3 branches of the dungeon, and saw 21 of its levels.
You also visited: Ossuary, Ice Cave and Volcano.

You collected 8765 gold pieces.
You spent 896 gold pieces at shops.
You paid 1033 gold pieces to Gozag.

Inventory:

Hand Weapons
 l - a +0 war axe
 T - a +5 battleaxe of flaming (weapon)
Missiles
 F - 10 poisoned darts (quivered)
 J - 6 curare-tipped darts
 N - a throwing net
Armour
 A - a +1 hat (worn)
 C - a +0 pair of gloves (worn)
 D - a +0 pair of boots (worn)
 S - a +0 cloak of fire resistance (worn)
 X - the +1 plate armour of Noon (worn) {rC++ rN++ Int-3}
   (You bought it in a shop on level 2 of the Orcish Mines)

   Int-3:     It affects your intelligence (-3).
   rC++:      It greatly protects you from cold.
   rN++:      It greatly protects you from negative energy.
Jewellery
 a - the ring of Lirchusu {rElec rC+}
   (You found it on level 2 of the Dungeon)

   [ring of protection from cold]

   rC+:       It protects you from cold.
   rElec:     It insulates you from electricity.
 e - a ring of poison resistance
 w - a +6 ring of strength (left hand)
 x - the ring "Laosm" (right hand) {Str+3 Int+6}
   (You found it on level 4 of the Dungeon)

   [ring of intelligence]

   Str+3:     It affects your strength (+3).
   Int+6:     It affects your intelligence (+6).
 P - the amulet "Naydum" (around neck) {Reflect Harm *Corrode rElec Slay+2 SH+5}
   (You found it on level 11 of the Dungeon)

   [amulet of reflection]

   Reflect:   It reflects blocked missile attacks.
   Slay+2:    It affects your accuracy & damage with ranged weapons and melee
   (+2).
   rElec:     It insulates you from electricity.
   *Corrode:  It may corrode you when you take damage.
   SH+5:      It affects your SH (+5).
   Harm:      It increases damage dealt and taken.
Talismans
 z - a blade talisman
Wands
 k - a wand of flame (16)
 u - a wand of charming (24)
 B - a wand of acid (8)
 G - a wand of digging (12)
 O - a wand of polymorph (7)
 W - a wand of mindburst (1)
Scrolls
 b - 3 scrolls of blinking
 f - 17 scrolls of teleportation
 g - 3 scrolls of noise
 o - 3 scrolls of fog
 q - 3 scrolls of immolation
 r - a scroll of brand weapon
 t - 6 scrolls of enchant armour
 v - 3 scrolls of fear
 E - 2 scrolls of butterflies
 H - 2 scrolls of revelation
 M - a scroll of amnesia
 R - 2 scrolls of vulnerability
Potions
 c - a potion of ambrosia
 d - a potion of enlightenment
 h - 2 potions of curing
 i - 8 potions of haste
 j - 2 potions of magic
 m - a potion of resistance
 n - a potion of heal wounds
 p - 4 potions of attraction
 s - 2 potions of invisibility
 L - 2 potions of cancellation
 Q - 3 potions of mutation
 V - 2 potions of might


   Skills:
 - Level 14.0 Fighting
 - Level 20.0 Axes
 - Level 14.0 Armour
 - Level 2.4 Dodging
 - Level 10.0 Shields
 - Level 1.0 Spellcasting
 + Level 13.5 Necromancy
 - Level 3.2 Transmutations
 + Level 7.0 Ice Magic
 + Level 6.4 Air Magic
 - Level 4.3 Invocations
 + Level 4.2 Evocations
 - Level 3.4 Shapeshifting


You had 15 spell levels left.
You knew the following spells:

 Your Spells              Type           Power      Damage    Failure   Level
a - Wereblood             Tmut           8%         N/A       52%         2

Your spell library contained the following spells:

 Spells                   Type           Power      Damage    Failure   Level
 Necrotise                Necr           100%       1d9       1%          1
 Ensorcelled Hibernation  Hex/Ice        18%        N/A       47%         2
 Anguish                  Hex/Necr       9%         N/A       67%         4
 Apportation              Tloc           0%         N/A       83%         1
 Foxfire                  Conj/Fire      0%         2x1d4     83%         1
 Magic Dart               Conj           0%         1d3       83%         1
 Summon Small Mammal      Summ           0%         N/A       83%         1
 Mephitic Cloud           Conj/Pois/Air  6%         N/A       88%         3
 Call Imp                 Summ           0%         N/A       92%         2
 Volatile Blastmotes      Fire/Tloc      0%         2d10      99%         3
 Cause Fear               Hex            0%         N/A       100%        4
 Fulminant Prism          Conj/Hex       0%         3d5       100%        4
 Iskenderun's Mystic Bla  Conj/Tloc      0%         2d3       100%        4
 Fireball                 Conj/Fire      0%         3d3       100%        5
 Irradiate                Conj/Tmut      2%         3d12      100%        5
 Plasma Beam              Fire/Air       4%         2x1d14    100%        6
 Starburst                Conj/Fire      0%         6d3       100%        6
 Dragon's Call            Summ           0%         N/A       100%        9


Dungeon Overview and Level Annotations

Branches:
Dungeon (14/15)            Temple (0/1) D:5            Lair (5/5) D:10
  Swamp (0/4) Lair:3       Spider (0/4) Lair:2        Slime (0/5) Lair:4
    Orc (2/2) D:12            Elf (0/3) Orc:2        Vaults (0/5) D:14
Ossuary (visited)           IceCv (visited)         Volcano (visited)

Altars:
Cheibriados
Dithmenos
Gozag
Trog
Beogh
Jiyva

Shops:
Orc:2 [[[::

Annotations:
D:8 3 runed translucent doors, MrCrawl's ghost, novice TeFE


Message History

You barely miss the yak.
The yak is severely wounded.
The yak is no longer distracted by gold. x2
The yak is distracted by your dazzling golden aura.
You strike the helpless yak from behind!
You slash the yak! You burn the yak.
The yak is no longer distracted by gold.
The yak is almost dead.
You slash the death yak! You burn the death yak.
A yak comes into view.
The yak completely misses you. The death yak gores you!
The death yak is distracted by your dazzling golden aura.
The death yak bellows!
You barely miss the death yak.
The death yak is moderately wounded.
You hit the yak. You burn the yak.
You kill the yak!
A dream sheep comes into view.
The death yak gores you but does no damage.
The dream sheep bleats!
You slash the death yak! You burn the death yak.
The death yak is moderately wounded.
You slash the death yak! You burn the death yak. You slice the death yak!!
You burn the death yak.
The death yak is severely wounded.
You slash the death yak! You burn the death yak!
You hear a bellow!
The death yak is distracted by your dazzling golden aura.
The death yak misses you.
The death yak bellows!
You feel much better.
The death yak is no longer distracted by gold. x2
The dream sheep shake their wool and sparkle.
You feel drowsy...
You fall asleep.
The death yak is distracted by your dazzling golden aura.
The death yak gores you!!!
You wake up.
* * * LOW HITPOINT WARNING * * *
The death yak gores you!!
You die...
Your body crumbles into a pile of gold.

## ### #..# ###### #. #
..####..####....#########.
#
..'..'..'..'....#.........
#
..####..####....#.........
#..# ######.......## #..#
######.##....... #..#
#######.........
Y####..####YY..###...|...
Y.YY.YYYY@YYYYY.#......(..
Y.####..####YYY.#####.###.
# #..# ####### ##.# ##
#..# ####### #..# # #..#
#.## # #..# #.# '..' #.#
### #.# ### #.# #.#


You could see 8 death yaks, 6 yaks and 2 dream sheep.

Vanquished Creatures
  Rupert (D:14)
  Gastronok (D:8)
  A vampire knight (D:13)
  A red draconian (Volcano)
  2 dire elephants (Lair:5)
  Snorg (D:13)
  A slime creature (D:14)
  A fire dragon (Lair:5)
  Josephine (Orc:2)
  Harold (Orc:1)
  Erolcha (D:13)
  5 hydras
  5 boulder beetles
  A catoblepas (Lair:5)
  5 centaur warriors
  A death yak (D:14)
  2 tengu warriors
  3 two-headed ogres
  Sonja (D:13)
  Urug (D:14)
  An orc high priest (Orc:1)
  2 lindwurms (Lair:5)
  A swamp dragon (Lair:5)
  2 bog bodies (Lair:3)
  2 wizards (D:13)
  Jeremiah (D:7)
  3 deep elf pyromancers
  A necromancer (IceCv)
  4 orc knights
  4 cyclopes
  An orc sorcerer (Orc:1)
  3 ugly things
  6 manticores
  21 elephants
  Maurice (D:9)
  6 black mambas
  Joseph (D:7)
  An ice statue (IceCv)
  4 gargoyles
  10 komodo dragons
  13 ice devils (IceCv)
  4 freezing wraiths (IceCv)
  7 rime drakes
  A kobold demonologist (D:12)
  3 yaktaurs (Volcano)
  13 cane toads
  A tengu conjurer (D:12)
  Maggie (D:10)
  A polar bear (shapeshifter) (D:13)
  The ghost of bmj180 the Gusty, an amateur DrAE (D:7)
  5 trolls
  5 polar bears
  11 blink frogs
  A shadow (D:13)
  7 culicivoras (Lair:2)
  3 wraiths (Orc:2)
  4 wyverns
  A vampire (D:12)
  2 dire elephant simulacra (IceCv)
  19 humans (D:14)
  67 yaks
  Grum (D:9)
  5 basilisks
  5 steam dragons
  6 death yak simulacra (IceCv)
  6 vampire mosquitoes
  A warg (Orc:1)
  2 swamp worms (Lair:3)
  A harpy simulacrum (IceCv)
  6 acid dragons
  13 water moccasins
  3 hydra simulacra (IceCv)
  36 orc warriors
  A swamp drake (Lair:5)
  3 ice beasts
  A sky beast (D:8)
  4 black bears
  4 ogres
  5 boggarts (D:14)
  35 wolves
  A phantom (D:7)
  13 centaurs
  4 kobold brigands
  11 bullfrogs
  A gnoll sergeant (D:12)
  8 cane toad simulacra (IceCv)
  4 water moccasin zombies (Ossuary)
  2 elephant simulacra (IceCv)
  3 killer bees (D:10)
  11 howler monkeys
  5 electric eels
  2 gnoll boudas
  2 hounds
  6 jellies
  12 orc priests
  Crazy Yiuf (D:4)
  2 sleepcaps (D:6)
  4 iguanas
  11 orc wizards
  Ijyb (D:4)
  6 hell rats (Lair:4)
  A polar bear simulacrum (IceCv)
  A spriggan simulacrum (IceCv)
  3 troll simulacra (IceCv)
  2 wolf simulacra (IceCv)
  3 mummies
  12 gnolls
  11 adders
  2 naga simulacra (IceCv)
  4 white imps
  An ufetubus (D:4)
  4 adder zombies (Ossuary)
  A worm (D:3)
  4 dart slugs
  85 orcs
  7 ball pythons
  7 bats
  6 endoplasms
  2 giant cockroaches
  4 goblins
  3 hobgoblins
  24 kobolds
  3 quokkas
  4 frilled lizards
  2 goblin zombies (D:4)
  5 hobgoblin zombies (Ossuary)
  10 kobold zombies (Ossuary)
  4 orc zombies (Ossuary)
  4 rats (D:2)
748 creatures vanquished.

Vanquished Creatures (collateral kills)
  An orc (D:6)
  2 kobolds (D:6)
3 creatures vanquished.

Vanquished Creatures (others)
  A death yak simulacrum (IceCv)
1 creature vanquished.

Grand Total: 752 creatures vanquished

Notes
Turn   | Place    | Note
-------+----------+-------------------------------------------
     0 | D:1      | Crownlay the Hill Orc Monk began the quest for the Orb.
     0 | D:1      | Reached XP level 1. HP: 19/19 MP: 1/1
   302 | D:1      | Reached XP level 2. HP: 22/27 MP: 2/2
   304 | D:1      | Reached skill level 1 in Invocations
   844 | D:2      | Reached XP level 3. HP: 22/33 MP: 2/4
   931 | D:2      | Identified the ring of Lirchusu {rElec rC+}
   945 | D:2      | Reached skill level 5 in Axes
  1086 | D:2      | Found a shadowy altar of Dithmenos.
  1229 | D:2      | Reached skill level 1 in Shields
  1405 | D:3      | Reached XP level 4. HP: 34/40 MP: 5/5
  1980 | D:4      | Noticed Ijyb
  1991 | D:4      | Killed Ijyb
  1992 | D:4      | Reached XP level 5. HP: 28/47 MP: 6/6
  2040 | D:4      | Found a sand-covered staircase.
  2049 | Ossuary  | Entered an ossuary
  2137 | Ossuary  | Reached skill level 6 in Axes
  2207 | Ossuary  | Reached XP level 6. HP: 39/55 MP: 8/8
  2275 | Ossuary  | Reached skill level 5 in Fighting
  2455 | Ossuary  | Reached skill level 7 in Axes
  2586 | D:4      | Found an opulent altar of Gozag.
  2738 | D:4      | Found an opulent altar of Gozag.
  2741 | D:4      | Identified the ring "Laosm" {Str+3 Int+6}
  2744 | D:4      | Found an opulent altar of Gozag.
  2753 | D:4      | Became a worshipper of Gozag Ym Sagoz the Greedy
  2781 | D:4      | Found an opulent altar of Gozag.
  2789 | D:4      | Noticed a black bear
  2799 | D:4      | Killed a black bear
  2800 | D:4      | Reached XP level 7. HP: 52/61 MP: 8/10
  3193 | D:4      | Found a runed translucent door.
  3194 | D:4      | Noticed Crazy Yiuf
  3283 | D:4      | Killed Crazy Yiuf
  3446 | D:5      | Entered Level 5 of the Dungeon
  3491 | D:5      | Reached skill level 1 in Spellcasting
  3750 | D:5      | Reached skill level 8 in Axes
  3755 | D:5      | Found a staircase to the Ecumenical Temple.
  4021 | D:5      | Reached XP level 8. HP: 23/70 MP: 11/11
  4384 | D:6      | Reached skill level 1 in Shapeshifting
  4603 | D:6      | Reached skill level 9 in Axes
  4610 | D:6      | Reached skill level 1 in Evocations
  5480 | D:6      | Learned a level 2 spell: Wereblood
  5533 | D:7      | Reached skill level 10 in Axes
  5534 | D:7      | Reached skill level 1 in Transmutations
  5615 | D:7      | Reached XP level 9. HP: 63/75 MP: 12/12
  5688 | D:7      | Noticed a boulder beetle
  6128 | D:7      | Killed a boulder beetle
  6129 | D:7      | Reached skill level 1 in Armour
  6430 | D:7      | Noticed bmj180's ghost (amateur DrAE)
  6432 | D:7      | Found a runed translucent door.
  6440 | D:7      | Noticed Jeremiah
  6720 | D:8      | Found a runed translucent gate.
  6720 | D:8      | Found a runed translucent gate.
  6720 | D:8      | Found a runed translucent gate.
  6720 | D:8      | Noticed MrCrawl's ghost (novice TeFE)
  6721 | D:8      | Noticed a deep elf pyromancer
  6987 | D:8      | Reached skill level 11 in Axes
  7232 | D:8      | Noticed Gastronok
  7264 | D:8      | Killed Gastronok
  7265 | D:8      | Reached skill level 12 in Axes
  7265 | D:8      | Reached XP level 10. HP: 63/86 MP: 13/13
  7965 | D:7      | Noticed Joseph
  8122 | D:7      | Killed Jeremiah
  8123 | D:7      | Reached skill level 13 in Axes
  8141 | D:7      | Killed Joseph
  8142 | D:7      | Reached skill level 5 in Armour
  8417 | D:7      | Found a snail-covered altar of Cheibriados.
  8418 | D:7      | Found a bloodstained altar of Trog.
  8725 | D:7      | Killed bmj180's ghost
  8985 | D:9      | Reached skill level 14 in Axes
  9251 | D:9      | Noticed Maurice
  9257 | D:9      | Reached XP level 11. HP: 86/95 MP: 14/14
  9269 | D:9      | Killed Maurice
  9321 | D:9      | Noticed Grum
  9333 | D:9      | Killed Grum
  9804 | D:10     | Entered Level 10 of the Dungeon
  9993 | D:10     | Found a staircase to the Lair.
 10017 | D:10     | Noticed a two-headed ogre
 10021 | D:10     | Noticed Maggie
 10027 | D:10     | Killed a two-headed ogre
 10028 | D:10     | Reached skill level 15 in Axes
 10046 | D:10     | Killed Maggie
 10135 | D:10     | Reached skill level 5 in Shields
 10408 | D:10     | Reached skill level 10 in Fighting
 10795 | D:11     | Noticed a red ugly thing
 10796 | D:11     | Noticed a manticore
 10810 | D:11     | Killed a red ugly thing
 10822 | D:11     | Killed a manticore
 10897 | D:11     | Found a frozen archway.
 10903 | IceCv    | Entered an ice cave
 11082 | IceCv    | Reached XP level 12. HP: 82/106 MP: 15/15
 11562 | IceCv    | Found an ancient bone altar of Kikubaaqudgha.
 11812 | IceCv    | Reached skill level 10 in Armour
 12408 | D:11     | Reached skill level 1 in Necromancy
 12516 | D:11     | Identified the amulet "Naydum" {Reflect Harm *Corrode rElec
                  | Slay+2 SH+5}
 13088 | D:12     | Noticed a tengu warrior
 13113 | D:12     | Killed a tengu warrior
 13128 | D:12     | Reached skill level 5 in Necromancy
 13128 | D:12     | Reached XP level 13. HP: 104/116 MP: 16/16
 13603 | D:12     | Found a staircase to the Orcish Mines.
 13612 | D:12     | Found a roughly hewn altar of Beogh.
 13911 | Lair:1   | Entered Level 1 of the Lair of Beasts
 13975 | Lair:1   | Found a dark tunnel.
 13983 | Volcano  | Entered a volcano
 14260 | Volcano  | Noticed a red draconian
 14290 | Volcano  | Killed a red draconian
 14772 | Volcano  | Identified the +8 short sword of Turmoil {flame, Fly rC-
                  | Will- Dex+9}
 15055 | Lair:1   | Reached skill level 10 in Shields
 16185 | Lair:2   | Found a hole to the Spider Nest.
 17169 | Lair:3   | Reached skill level 16 in Axes
 17169 | Lair:3   | Reached skill level 10 in Necromancy
 17444 | Lair:3   | Reached XP level 14. HP: 99/127 MP: 17/17
 18201 | Lair:3   | Found a staircase to the Swamp.
 18940 | Lair:4   | Reached skill level 17 in Axes
 19035 | Lair:4   | Found a viscous altar of Jiyva.
 19076 | Lair:4   | Found a staircase to the Slime Pits.
 19699 | Lair:5   | Entered Level 5 of the Lair of Beasts
 20493 | Lair:5   | Reached skill level 18 in Axes
 21422 | Lair:5   | Reached XP level 15. HP: 132/137 MP: 18/18
 21457 | Lair:5   | Reached skill level 19 in Axes
 23290 | Orc:1    | Entered Level 1 of the Orcish Mines
 23302 | Orc:1    | Noticed Harold
 23480 | Orc:1    | Killed Harold
 23839 | Orc:2    | Entered Level 2 of the Orcish Mines
 23839 | Orc:2    | Noticed Josephine
 23846 | Orc:2    | Killed Josephine
 23885 | Orc:2    | Reached skill level 20 in Axes
 24102 | Orc:1    | Paralysed by an orc sorcerer for 5 turns
 24480 | Orc:2    | Found a staircase to the Elven Halls.
 24865 | Orc:2    | Found Egrichuesu's Antique Armour Boutique.
 24865 | Orc:2    | Found Bithroyhi's Armour Shoppe.
 24867 | Orc:2    | Found Qawab's Armour Emporium.
 24869 | Orc:2    | Found Siz Hen's Book Shop.
 24883 | Orc:2    | Bought a faintly humming plate armour for 896 gold pieces
 24883 | Orc:2    | Identified the +1 plate armour of Noon {rC++ rN++ Int-3}
                  | (You bought it in a shop on level 2 of the Orcish Mines)
 25009 | D:13     | Noticed Erolcha
 25011 | D:13     | Reached skill level 1 in Ice Magic
 25011 | D:13     | Reached skill level 1 in Air Magic
 25245 | D:13     | Noticed Snorg
 25256 | D:13     | Killed Snorg
 25502 | D:13     | Identified the +7 whip of Equivalence {drain, Str+3 Int-5
                  | Dex+5}
 26415 | D:13     | Identified the +2 leather armour "Kob Luix" {Int+6}
 26612 | D:13     | Killed Erolcha
 26613 | D:13     | Reached skill level 5 in Ice Magic
 26920 | D:13     | Noticed Sonja
 26930 | D:13     | Killed Sonja
 27291 | D:14     | Reached skill level 5 in Air Magic
 27299 | D:14     | Noticed Rupert
 27314 | D:14     | Reached XP level 16. HP: 131/146 MP: 19/19
 27514 | D:14     | Found a gate to the Vaults.
 27531 | D:14     | Paralysed by Rupert for 4 turns
 27547 | D:14     | Killed Rupert
 27616 | D:14     | Noticed Urug
 27621 | D:14     | Killed Urug
 28316 | D:14     | Mangled by a death yak

Illustrated notes

Levels and vault maps discovered:
D:1:      roderic_octagonal_star, layout_basic
D:2:      layout_basic, basic_altar, st_stairs_9, serial_park_tiny_pond
D:3:      layout_basic
D:4:      layout_rooms, nicolae_gozag_conspicuous_consumption,
          nicolae_ossuary_entry_giza, uniq_crazy_yiuf_cottage, uniq_ijyb
D:5:      layout_basic, minmay_temple_entry_mini_moons
D:6:      layout_loops_ring, kennysheep_diamond
D:7:      layout_basic, gammafunk_temple_overflow_pools, gammafunk_ghost_grave,
          kennysheep_small_circle, uniq_jeremiah, uniq_joseph
D:8:      layout_basic, gammafunk_ghost_split, uniq_gastronok
D:9:      layout_rooms, uniq_maurice, uniq_grum
D:10:     layout_roguey [special_room_orc], lair_entry_dummy, uniq_maggie
D:11:     layout_loops_ring, portal_ice_cave_entry_pillars_1
D:12:     layout_rooms, minmay_orc_entry_temple_small
D:13:     kennysheep_green_arena, layout_loops_ring, hangedman_decor_points,
          uniq_erolcha, uniq_snorg, uniq_sonja
D:14:     slaughterhouse, layout_loops_ring, david_vaults_3,
          nicolae_hexahallways, kennysheep_cross_room
Lair:1:   layout_misc_corridors, nicolae_volcano_entry_lava_flow,
          infiniplex_staircase_pool_2
Lair:2:   layout_long_grid, hellmonk_spider_entry_life_and_decay, serial_bayou,
          serial_bayou_lake_a, serial_bayou_pond_d, serial_bayou_shore_a,
          serial_bayou_pond_e
Lair:3:   layout_layer_cave, nicolae_swamp_entry_splash_gauntlet
Lair:4:   layout_small_grid, nicolae_slime_entry_field_trip
Lair:5:   hangedman_lair_in_review, layout_cave_pods, guppyfry_lair_end_dragon,
          infiniplex_staircase_pool
Orc:1:    layout_caves, uniq_harold
Orc:2:    st_orc_rangers, layout_caves, mines_bat_river, uniq_josephine

Skill      XL: |  1  2  3  4  5  6  7  8  9 10 11 12 13 14 15 16 |
---------------+-------------------------------------------------+-----
Invocations    | 1 2 3 4 |  4.3
Fighting       | 4 5 6 7 8 10 11 12 13 14 | 14.0
Axes           | 5 6 7 8 10 12 14 15 16 18 20 | 20.0
Shields        | 1 2 3 4 7 9 10 | 10.0
Spellcasting   | 1 |  1.0
Shapeshifting  | 2 3 |  3.4
Evocations     | 2 4 |  4.2
Transmutations | 1 3 |  3.2
Armour         | 4 6 8 10 11 13 14 | 14.0
Necromancy     | 5 10 12 13 | 13.5
Ice Magic      | 5 7 |  7.0
Air Magic      | 5 6 |  6.4
Dodging        | |  2.4

Action                     |  1- 3 |  4- 6 |  7- 9 | 10-12 | 13-15 | 16-18 || total
---------------------------+-------+-------+-------+-------+-------+-------++-------
  Melee: Hand axe          |    42 |       |       |       |       |       ||    42
         War axe           |    34 |   142 |   233 |   770 |   131 |       ||  1310
         Battleaxe         |       |       |       |       |   846 |   104 ||   950
  Throw: Dart              |       |       |     2 |    24 |    79 |       ||   105
         Throwing net      |       |       |       |       |     2 |       ||     2
 Invoke: Potion Petition   |       |       |       |       |     2 |       ||     2
         Call Merchant     |       |       |       |       |     1 |       ||     1
  Evoke: Wand              |       |     4 |     9 |    15 |     9 |     6 ||    43
    Use: Scroll            |     3 |     3 |    10 |     4 |    12 |       ||    32
         Potion            |       |     2 |     1 |     4 |     9 |     1 ||    17
   Stab: Distracted        |       |       |       |     2 |     4 |     3 ||     9
 Armour: Robe              |    20 |     2 |       |       |       |       ||    22
         Leather armour    |       |    31 |    39 |       |       |       ||    70
         Plate armour      |       |       |    48 |   347 |   539 |    36 ||   970
  Dodge: Dodged            |    59 |   110 |   125 |   206 |   335 |    26 ||   861
  Block: Orb               |       |       |       |    10 |    22 |       ||    32
         Other             |       |       |       |       |   161 |    13 ||   174
         Reflection        |       |       |       |       |    22 |       ||    22

Table legend: (Time is in decaauts)
 A = Elapsed time spent in this place.
 B = Non-inter-level travel time spent in this place.
 C = Inter-level travel time spent in this place.
 D = Time resting spent in this place.
 E = Time spent auto-exploring this place.
 F = Levels seen in this place.
 G = Mean time per level.
                   A        B        C        D        E       F      G
               +--------+--------+--------+--------+--------+-----+--------+
         Total |  28052 |  27171 |    881 |   1717 |  19868 |  24 | 1168.8 |
       Dungeon |  15315 |  14708 |    607 |    143 |  11748 |  14 | 1093.9 |
          Lair |   8464 |   8287 |    177 |   1010 |   5992 |   5 | 1692.8 |
  Orcish Mines |   1522 |   1426 |     96 |      3 |   1045 |   2 |  761.0 |
       Ossuary |    504 |    504 |      0 |      0 |    385 |   1 |  504.0 |
      Ice Cave |   1427 |   1427 |      0 |    333 |    225 |   1 | 1427.0 |
       Volcano |    817 |    817 |      0 |    228 |    472 |   1 |  817.0 |
               +--------+--------+--------+--------+--------+-----+--------+

Top non-repeatable levels by time:
  Lair:5: 3359 daAuts
    D:13: 2208 daAuts
  Lair:3: 1603 daAuts
     D:6: 1575 daAuts
     D:8: 1501 daAuts
  Lair:2: 1491 daAuts
     D:7: 1439 daAuts
   IceCv: 1427 daAuts
  Lair:4: 1097 daAuts
    D:14: 1043 daAuts
     D:9: 1016 daAuts
     D:4: 1004 daAuts
    D:12: 926 daAuts
  Lair:1: 912 daAuts
     D:5: 882 daAuts
